 Dungeon Crawl Stone Soup version 0.18.1-6-gd335043 (webtiles) character file.

34 rutigerpupkin the Digger (level 3, -2/19 HPs)
             Began as a Gargoyle Earth Elementalist on May 16, 2016.
             Slain by a gnoll
             ... wielding a +0 halberd
              (6 damage)
             ... on level 2 of the Dungeon.
             The game lasted 00:04:29 (1229 turns).

rutigerpupkin the Digger (GrEE)                     Turns: 1229, Time: 00:04:30

Health: -2/19      AC:  5    Str: 11    XL:     3   Next: 31%
Magic:  0/6        EV: 11    Int: 16    God:
Gold:   114        SH:  5    Dex: 10    Spells: 1 memorised, 5 levels left

rFire  . . .     SeeInvis .     h - +0 spear
rCold  . . .     Gourm    .     a - +0 robe
rNeg   + . .     Faith    .     l - +2 buckler
rPois  ∞         Spirit   .     (no helmet)
rElec  +         Dismiss  .     (no cloak)
rCorr  .         Reflect  .     (no gloves)
SustAt .         Harm     .     (no boots)
MR     .....                    (no amulet)
Stlth  ++........               (no ring)
                                (no ring)

@: not resistant to hostile enchantments, unstealthy
A: negative energy resistance 1, electricity resistance, unbreathing,
petrification resistance, rot immunity, AC +3
a: no special abilities


You were on level 2 of the Dungeon.
You were not hungry.

You visited 1 branch of the dungeon, and saw 2 of its levels.

You collected 114 gold pieces.

Inventory:

Hand Weapons
 h - a +0 spear (weapon)
 j - a +0 mace
Missiles
 b - 20 stones (quivered)
 p - a throwing net
Armour
 a - a +0 robe (worn)
 l - a +2 buckler (worn)
Scrolls
 e - a scroll of enchant armour {unknown}
 f - a scroll of amnesia {unknown}
 k - a scroll of enchant weapon {unknown}
Potions
 g - 2 potions of might {unknown}
 n - a potion of flight {unknown}
 o - a potion of haste {unknown}
Books
 c - a book of Geomancy

   Spells                             Type                      Level
   a - Sandblast                      Earth                        1
   b - Passwall                       Transmutation/Earth          2
   c - Stone Arrow                    Conjuration/Earth            3
   d - Petrify                        Transmutation/Earth          4
   e - Lee's Rapid Deconstruction     Earth                        5
Comestibles
 d - 2 bread rations
 m - a meat ration


   Skills:
 - Level 1.5 Dodging
 - Level 2.1 Stealth
 + Level 1.3 Shields
 + Level 2.4 Spellcasting
   Level 0.7 Transmutations
 + Level 4.4 Earth Magic


You had 5 spell levels left.
You knew the following spells:

 Your Spells              Type           Power        Failure   Level  Hunger
a - Sandblast             Erth           ###...       4%          1    #......


Dungeon Overview and Level Annotations

Branches:
Dungeon (2/15)

Altars:


Innate Abilities, Weirdness & Mutations

You are resistant to torment.
Your stone body is resilient (AC +3).
You are immune to poison.
You resist negative energy.
You are resistant to electric shocks.
You can survive without breathing.
You are immune to petrification.
You are immune to rotting.


Message History

Press: ? - help, Dir - move target cursor, f - gnoll
Aim: a gnoll, wielding a halberd You reach to attack!
You hit the gnoll.
The gnoll is lightly wounded.
The gnoll hits you from afar with a halberd!
Ouch! That really hurt!
* * * LOW HITPOINT WARNING * * *
You are too injured to fight recklessly!
You are too injured to fight recklessly!
You block the gnoll's attack.
You see here a bat corpse.
Casting: Sandblast
Confirm with . or Enter, or press ? or * to list all spells.
You don't have enough magic to cast that spell.
Unknown command.
You are too injured to fight recklessly!
You hit the gnoll.
The gnoll is moderately wounded.
The gnoll hits you with a halberd.
You die...

# .#
####.###
#.?....
#..#.#
####....###.
+.@g<.......
####....###.
#........
####.#### .#
#


You could see a gnoll.

Vanquished Creatures
  2 gnolls (D:2)
  4 bats
  A goblin (D:1)
  2 hobgoblins (D:1)
  2 kobolds (D:1)
  2 giant newts (D:1)
  2 rats (D:1)
  A fungus (D:1)
16 creatures vanquished.

Notes
Turn   | Place    | Note
--------------------------------------------------------------
     0 | D:1      | rutigerpupkin the Gargoyle Earth Elementalist began the quest for the Orb.
     0 | D:1      | Reached XP level 1. HP: 10/10 MP: 3/3
   536 | D:1      | Reached skill level 4 in Earth Magic
   595 | D:1      | Reached XP level 2. HP: 13/15 MP: 5/5
  1224 | D:2      | Reached skill level 1 in Shields
  1224 | D:2      | Reached XP level 3. HP: 15/19 MP: 0/6
  1229 | D:2      | Slain by a gnoll

Skill      XL: |  1  2 |
---------------+-------+-----
Earth Magic    | 4 |  4.4
Shields        | 1 |  1.3
Dodging        | |  1.5
Stealth        | |  2.1
Spellcasting   | |  2.4
Transmutations | |  0.7

Action                   || total
-------------------------++-------
Melee: Spear             ||    74
       Unarmed           ||    34
 Cast: Sandblast         ||     7
 Stab: Sleeping          ||     1
  Eat: Chunk             ||     1
Armor: Robe              ||    38
Dodge: Dodged            ||    71
Block: Buckler           ||    10
